Unix NetHack Version 5.0.0-0 post-release - last build May 17 2026 04:57:42 (dc50c8380fa5e20985bfe3072449f57b8d9895ef,branch:main).

Game began 2026-05-21 15:02:29, ended 2026-05-21 22:07:55.

Haxasaurus, neutral male gnomish Wizard

                                          ----------
                                          |...>.....##
             -----      --------          |........| ####-------
             |....#     |......|          |.(.*....|    #|.....|
             |...|#     |......|          -------%--    #|.....|
             |f..|#     |......|                 #      #|.....|
            #@[..|)     |.......##               #      #......|
            #-----#     --|----- #            ####       |..<..|
        #####     #       #      #            #          --.----
        #         #   ### #      #            #            #
        #         #     0##################  ##            ####
  ------#       ###       #          ############             #
  |...>|#       #         ##           ##----.--.----      ---|----
  |....-#      ##          #             |..........|      |.....`|
  |....|       #-----------.---         #|..........|      |.%....|
  |.....##     #|.............|         #-..........|      |.......
  ------       #...............##########|..........|      --------
                |.............|          |..........|
                ---------------          ------------

Haxasaurus the Evoker     St:12 Dx:14 Co:16 In:19 Wi:9 Ch:9  Neutral
Dlvl:2  $:170 HP:21(21) Pw:19(19) AC:7  Xp:2/34 T:1196 

Latest messages:
 You stop.  Your kitten is in the way!
 You descend the stairs.
 You climb up the stairs.
 Where do you want to travel to?  (For instructions type a '?')
 Pick a monster, object or location.
 The kitten misses the acid blob.
 The kitten misses the acid blob.
 The kitten bites the acid blob.  The kitten bites the acid blob.
 The acid blob is killed!
 You try to move the boulder, but in vain.
 You see here a crude spear.
 Where do you want to travel to?  (For instructions type a '?')
 You descend the stairs.
 You climb up the stairs.
 Really save? [yn] (n) y
 Saving...
 Restoring save file...
 Hello Haxasaurus, the gnomish Wizard, welcome back to NetHack!
 Really save? [yn] (n)
 Saving...
 Restoring save file...
 Hello Haxasaurus, the gnomish Wizard, welcome back to NetHack!
 Where do you want to travel to?
 (For instructions type a '?')
 You descend the stairs.
 There is a staircase up to level 2 here.
 You climb up the stairs.
 There is a staircase down to level 3 here.
 Really quit without saving? y
 Do you want your possessions identified? n
 Do you want to see your attributes? n
 Do you want an account of creatures vanquished? [ynaq] (y) n
 Do you want to see your conduct and achievements? n
 Do you want to see the dungeon overview? n

Inventory:
 Coins    ('$')
  $ - 170 gold pieces
 Amulets  ('"')
  B - a cursed amulet of strangulation
 Weapons  (')')
  s - 6 +0 darts
  a - a blessed +1 quarterstaff (weapon in hands)
 Armor    ('[')
  v - an uncursed +0 pair of iron shoes (being worn)
  b - an uncursed +0 cloak of magic resistance (being worn)
 Comestibles  ('%')
  q - 2 uncursed slime molds
  w - 2 uncursed food rations
  z - an uncursed tripe ration
  x - 2 uncursed tins of deep fried lichen
  u - 2 uncursed lichen corpses
 Scrolls  ('?')
  n - an uncursed scroll of enchant armor
  i - 2 uncursed scrolls of food detection
  j - an uncursed scroll of remove curse
 Spellbooks  ('+')
  A - an uncursed spellbook of create monster
  k - a blessed spellbook of force bolt
  l - an uncursed spellbook of stone to flesh
 Potions  ('!')
  r - a cursed potion of gain ability
  g - an uncursed potion of gain energy
  h - a blessed potion of healing
  f - a potion of holy water
  p - 2 uncursed potions of water
 Rings    ('=')
  d - an uncursed ring of fire resistance
  e - an uncursed ring of free action
 Wands    ('/')
  t - a wand of digging (0:6)
  c - a wand of opening (0:5)
  y - a wand of stasis (0:3)
 Tools    ('(')
  m - a magic marker (0:19)
 Gems/Stones  ('*')
  o - an uncursed worthless piece of black glass

Haxasaurus the Wizard's attributes:

Background:
 You were an Evoker, a level 2 male gnomish Wizard.
 You were neutral, nominally on a mission for Thoth
 who was opposed by Ptah (lawful) and Anhur (chaotic).
 You were right-handed.
 You were in the Dungeons of Doom, on level 2.
 You entered the dungeon 1196 turns ago.
 It was nighttime.
 You had 34 experience points, 6 more were needed to attain level 3.

Basics:
 You had all 21 hit points.
 You had all 19 energy points (spell power).
 Your armor class was 7.
 Your wallet contained 170 zorkmids.
 Autopickup was on for '$"=/!?' plus thrown, with exceptions.

Final Characteristics:
 Your strength was 12 (limit:18/50).
 Your dexterity was 14 (limit:18).
 Your constitution was 16 (limit:18).
 Your intelligence was 19 (limit:19).
 Your wisdom was 9 (limit:18).
 Your charisma was 9 (limit:18).

Final Status:
 You weren't hungry.
 You were unencumbered.
 You were wielding a quarterstaff.
 You had basic skill with quarterstaff.

Final Attributes:
 You were stridently aligned.
 You were magic-protected.
 You had infravision.
 You were warded.
 You survived.

Miscellaneous:
 You didn't encounter any bones levels.
 Total elapsed playing time was 20 minutes and 37 seconds.

Major events:
 Turn
    1: Haxasaurus the neutral male gnomish Wizard entered the dungeon
  917: entered the Gnomish Mines
 1196: quit

Spells:
 Name                 Level Category     Fail Retention
 force bolt             1   attack         0%  91%-100%
 stone to flesh         3   healing       83%  76%-100%

Skills:
 Fighting Skills
   bare handed combat [Unskilled]
   riding             [Unskilled]
 Weapon Skills
   dagger             [Unskilled]
   knife              [Unskilled]
   axe                [Unskilled]
   short sword        [Unskilled]
   club               [Unskilled]
   mace               [Unskilled]
   quarterstaff       [Basic]
   polearms           [Unskilled]
   spear              [Unskilled]
   trident            [Unskilled]
   sling              [Unskilled]
   dart               [Unskilled]
   shuriken           [Unskilled]
 Spellcasting Skills
   attack spells      [Basic]
   healing spells     [Unskilled]
   divination spells  [Unskilled]
   enchantment spells [Basic]
   clerical spells    [Unskilled]
   escape spells      [Unskilled]
   matter spells      [Unskilled]

Voluntary challenges:
 Character rerolling was not enabled.
 You were an atheist.
 You were illiterate.
 You never genocided any monsters.
 You never polymorphed an object.
 You never changed form.
 You used no wishes.
Achievement:
 You entered the Gnomish Mines.

 The Dungeons of Doom: levels 1 to 3
    Level 1:
    Level 2: <- You were here.
       Stairs down to The Gnomish Mines.
    Level 3:
 The Gnomish Mines:
    Level 3:


Vanquished creatures:
  2 acid blobs
  a large kobold
  7 jackals
  a goblin
  4 grid bugs
  3 lichens
  5 newts
23 creatures vanquished.

No species were genocided or became extinct.

Goodbye Haxasaurus the Wizard...

You quit in The Dungeons of Doom on dungeon level 2 with 406 points,
and 170 pieces of gold, after 1196 moves.
You were level 2 with a maximum of 21 hit points when you quit.

